cohdb
Replays
Latest Replays
All Replays
Popular Replays
Top Player Replays
Match Explorer
How It Works
Community
CoH3 Stats
Reddit
Sign in to upload your games and track your stats! →
Sign in with Steam
Match 44488923
Unlisted
Match 44488923
Overview
Messages
Build Orders
End
Royal Engineer Section
Vickers Machine Gun Team
Construct Section Command Post
Dingo Light Scout Car
Selects Canadian Shock Battlegroup
Selects Offensive Resupply
Selects Canadian Shock Section
Canadian Shock Section
Construct Field Infirmary
Canadian Shock Section
Selects Incendiary Munitions
Construct Platoon Command Post
indu
ulm
Gwangju's Hero Chun Doo-gwang
Mephswall
0
0
Comments
sign in to comment!
No comments posted yet!